 Dungeon Crawl Stone Soup version 0.30-a0-272-gf98c3da03f (webtiles) character file.

Game seed: 3821648697162571310

1 lunkers the Ducker (level 1, -3/16 HPs)
             Began as a Meteoran Wanderer on Oct 16, 2022.
             Slain by a gnoll
             ... wielding a +0 whip
              (5 damage)
             ... on level 1 of the Dungeon.
             The game lasted 00:00:40 (36 turns).

lunkers the Ducker (Meteoran Wanderer)                Turns: 36, Time: 00:00:40

Health: -3/16      AC:  5    Str: 13    XL:     1   Next: 28%
Magic:  2/2        EV: 14    Int: 10    God:
Gold:   0          SH:  0    Dex: 16    Spells: 0/0 levels left

rFire   . . .      SeeInvis .    a - +0 falchion
rCold   . . .      Faith    .    (no shield)
rNeg    . . .      Spirit   .    b - +2 leather armour
rPois   .          Reflect  .    (no helmet)
rElec   .          Harm     .    (no cloak)
rCorr   .          Rampage  .    (no gloves)
Will    .....                    (no boots)
Stlth   +.........               (no amulet)
HPRegen 0.22/turn                (no ring)
MPRegen 0.08/turn                (no ring)

@: glowing
A: sense surroundings 1, otherworldly, glowing, explore regen
a: no special abilities


You were on level 1 of the Dungeon.
You visited 1 branch of the dungeon, and saw 1 of its levels.

Inventory:

Hand Weapons
 a - a +0 falchion (weapon)
 d - a +0 dagger
Missiles
 c - 8 boomerangs
Armour
 b - a +2 leather armour (worn)
Potions
 e - a potion of haste


   Skills:
 - Level 1.1 Fighting
 + Level 1.5 Long Blades
 - Level 1.2 Throwing
 - Level 6.0 Dodging
 - Level 2.4 Evocations


You couldn't memorise any spells.
You didn't know any spells.
Your spell library was empty.

Dungeon Overview and Level Annotations

Branches:
Dungeon (1/15) Zot: 561

Altars:


Innate Abilities, Weirdness & Mutations

You passively map a small area around you.
You are easily found by Zot.
You glow in the dark.
You regain HP and MP as you explore.


Message History

Welcome, lunkers the Meteoran Wanderer.
The heart of this dungeon contains the awesome artefact, the Orb of Zot.
Press ? for a list of commands and other information.
Found a staircase leading out of the dungeon.
You begin with the following items: a +0 falchion, a +2 leather armour, 8 boomerangs, a +0 dagger, a potion of haste.
Clearing quiver.
Your library has no spells.
Unknown command.
You open the door.
There is an open door here.
You open the door.
There is an open door here.
There is an open door here.
There is a fountain of clear blue water here.
A goblin comes into view. It is wielding a +0 club.
The goblin shouts!
The goblin closely misses you.
You hit the goblin.
You kill the goblin!
No target in view!
No target in view!
A gnoll comes into view. It is wielding a +0 whip.
The gnoll shouts!
You hit the gnoll but do no damage. The gnoll hits you with a +0 whip.
A gnoll is nearby!
You hit the gnoll.
The gnoll is moderately wounded.
The gnoll completely misses you.
A gnoll is nearby!
You hit the gnoll.
The gnoll is moderately wounded.
The gnoll hits you with a +0 whip!
Ouch! That really hurt!
* * * LOW HITPOINT WARNING * * *
The gnoll hits you with a +0 whip.
* * * LOW HITPOINT WARNING * * *
You slash the gnoll!
The gnoll is almost dead.
The gnoll hits you with a +0 whip.
You die...

###.###.###....#.# *..#
............⌠....# #..#
,* ####...........#.#
#...#
....#####.######.##...#
### ####'#### #...)#
*#.......# #..### * *
**#.......# #.#....# *
,, ######### #.#.##.# *
* * * *#@#.# ,
......g.#.# , ,
#.#...#$#.# ** , ,,
,........#.# , ,#.#..
..#.# ........# * , ,
#.#. .... * , #.#.#.###
,


You could see a gnoll.

Vanquished Creatures
  A goblin (D:1)
1 creature vanquished.

Notes
Turn   | Place    | Note
-------+----------+-------------------------------------------
     0 | D:1      | lunkers the Meteoran Wanderer began the quest for the Orb.
     0 | D:1      | lunkers set off with the following items: a +0 falchion, a
                  | +2 leather armour, 8 boomerangs, a +0 dagger, a potion of
                  | haste.
     0 | D:1      | Reached XP level 1. HP: 16/16 MP: 2/2
    36 | D:1      | Slain by a gnoll

Illustrated notes

Levels and vault maps discovered:
D:1:      dpeg_arrival_rooms_a, layout_basic,
          hellmonk_ecumenical_altar_slurped_away, kennysheep_crisscross,
          minmay_liquid_box

Action                   || total
-------------------------++-------
Melee: Falchion          ||     5
Dodge: Dodged            ||     2

Table legend: (Time is in decaauts)
 A = Elapsed time spent in this place.
 B = Non-inter-level travel time spent in this place.
 C = Inter-level travel time spent in this place.
 D = Time resting spent in this place.
 E = Time spent auto-exploring this place.
 F = Levels seen in this place.
 G = Mean time per level.
                   A        B        C        D        E       F      G
               +--------+--------+--------+--------+--------+-----+--------+
         Total |     37 |     37 |      0 |      0 |     28 |   1 |   37.0 |
       Dungeon |     37 |     37 |      0 |      0 |     28 |   1 |   37.0 |
               +--------+--------+--------+--------+--------+-----+--------+

Top non-repeatable levels by time:
     D:1: 37 daAuts
